A+ CENTRAL
CEDAR RAPIDS KERNELS @ SOUTH BEND CUBS
05/02/2042
 
TOP OF THE 1ST
Cedar Rapids Kernels batting - Pitching for South Bend Cubs : LHP José Calderón
Pitching: LHP José Calderón
Batting: RHB Luis Sadoval 0-0: Ball
1-0: Reached on error, E1 (Groundball, 15S, EV 0.0 MPH)
Batting: RHB Héctor Vázquez 0-0: Grounds into double play, 6-4-3 (Groundball, 6, EV 85.0 MPH)
Batting: SHB José Guzmán 0-0: Called Strike
0-1: Ball
1-1: Ball
2-1: Called Strike
2-2: Ball
3-2: Strikes out swinging, 2-3 out at first.
Top of the 1st over - 0 runs, 0 hits, 1 error, 0 left on base; Cedar Rapids 0 - South Bend 0
BOTTOM OF THE 1ST
South Bend Cubs batting - Pitching for Cedar Rapids Kernels : LHP Luis Silva
Pitching: LHP Luis Silva
Batting: RHB Juan Jose Gómez 0-0: Called Strike
0-1: Ball
1-1: Called Strike
1-2: Strikes out swinging
Batting: RHB Kevin Palmer 0-0: Ball
1-0: Ball
2-0: Foul Ball, location: 2F
2-1: Ground out 5-3 (Groundball, 56, EV 90.0 MPH)
Batting: RHB Ed Kirby 0-0: Foul Ball, location: 23F
0-1: Swinging Strike
0-2: Strikes out looking
Bottom of the 1st over - 0 runs, 0 hits, 0 errors, 0 left on base; Cedar Rapids 0 - South Bend 0
TOP OF THE 2ND
Cedar Rapids Kernels batting - Pitching for South Bend Cubs : LHP José Calderón
Batting: LHB Bernardo Contreras 0-0: Ball
1-0: Swinging Strike
1-1: Ball
2-1: Foul Ball, location: 25F
2-2: Foul Ball, location: 7LSF
2-2: Foul Ball, location: 2F
2-2: Ground out 1-3 (Groundball, 13, EV 64.4 MPH)
Batting: SHB Juan López 0-0: Ball
1-0: Ball
2-0: DOUBLE (Line Drive, 5D, EV 95.0 MPH)
Batting: SHB Juan Gallegos 0-0: Ground out 6-3 (Groundball, 6, EV 80.0 MPH)
Batting: RHB Fytor Valena 0-0: Foul Ball, location: 2F
0-1: Ball
1-1: Called Strike
1-2: Foul Ball, location: 25FF
1-2: Ground out 5-3 (Groundball, 56S, EV 70.0 MPH)
Top of the 2nd over - 0 runs, 1 hit, 0 errors, 1 left on base; Cedar Rapids 0 - South Bend 0
BOTTOM OF THE 2ND
South Bend Cubs batting - Pitching for Cedar Rapids Kernels : LHP Luis Silva
Batting: SHB Eric Logan 0-0: Ball
1-0: Ball
2-0: Foul Ball, location: 7LSF
2-1: Ball
3-1: SOLO HOME RUN (Flyball, 9D, EV 95.0 MPH), Distance : 353 ft
Batting: RHB Clint Rice 0-0: Ground out 6-3 (Groundball, 56, EV 106.3 MPH)
Batting: RHB Derek Miller 0-0: Called Strike
0-1: Ball
1-1: Ground out 5-3 (Groundball, 56, EV 83.8 MPH)
Batting: LHB Shawn Schmitt 0-0: Ball
1-0: Ball
2-0: Ball
3-0: Called Strike
3-1: Swinging Strike
3-2: Base on Balls
Batting: RHB Cristián Rivera 0-0: Ball
1-0: Ball
2-0: Called Strike
2-1: Foul Ball, location: 9LDF
2-2: Ball
3-2: Strikes out swinging
Bottom of the 2nd over - 1 run, 1 hit, 0 errors, 1 left on base; Cedar Rapids 0 - South Bend 1
TOP OF THE 3RD
Cedar Rapids Kernels batting - Pitching for South Bend Cubs : LHP José Calderón
Batting: RHB Luis Antonio Cardenas 0-0: SINGLE (Flyball, 89S, EV 93.1 MPH)
Batting: RHB Jim Unknown 0-0: Ball
1-0: Bunt missed!
1-1: Bunted foul
1-2: Foul Ball, location: 5SF
1-2: Ball
2-2: Strikes out swinging
Batting: RHB Luis Sadoval 0-0: Called Strike
0-1: Called Strike
0-2: Strikes out swinging
Batting: RHB Héctor Vázquez 0-0: Foul Ball, location: 25FF
0-1: Foul Ball, location: 25F
0-2: Hit by Pitch
Luis Antonio Cardenas to second
Batting: SHB José Guzmán 0-0: Foul Ball, location: 9LSF
0-1: Swinging Strike
0-2: Ground out 5-3 (Groundball, 56S, EV 87.5 MPH)
Top of the 3rd over - 0 runs, 1 hit, 0 errors, 2 left on base; Cedar Rapids 0 - South Bend 1
BOTTOM OF THE 3RD
South Bend Cubs batting - Pitching for Cedar Rapids Kernels : LHP Luis Silva
Batting: RHB Juan Rivera 0-0: Fly out, F3 (Popup, 3, EV 66.3 MPH)
Batting: RHB Juan Jose Gómez 0-0: Called Strike
0-1: Called Strike
0-2: Ball
1-2: Foul Ball, location: 23F
1-2: Strikes out looking and he ARGUES THE CALL AND IS TOSSED!
Batting: RHB Kevin Palmer 0-0: Called Strike
0-1: Called Strike
0-2: Ball
1-2: Foul Ball, location: 2F
1-2: Foul Ball, location: 5FF
1-2: SINGLE (Line Drive, 5D, EV 108.8 MPH)
Batting: RHB Ed Kirby 0-0: Called Strike
0-1: Hit by Pitch
Kevin Palmer to second
Batting: SHB Eric Logan 0-0: Called Strike
0-1: Fly out, F9 (Flyball, 9S, EV 88.1 MPH)
Bottom of the 3rd over - 0 runs, 1 hit, 0 errors, 2 left on base; Cedar Rapids 0 - South Bend 1
TOP OF THE 4TH
Cedar Rapids Kernels batting - Pitching for South Bend Cubs : LHP José Calderón
Batting: LHB Bernardo Contreras 0-0: Ball
1-0: Called Strike
1-1: Foul Ball, location: 2F
1-2: Ball
2-2: Strikes out swinging
Batting: SHB Juan López 0-0: Ball
1-0: TRIPLE (Groundball, 5L, EV 94.4 MPH)
Batting: SHB Juan Gallegos 0-0: Foul Ball, location: 23F
0-1: Ball
1-1: Fly out, F8 (Flyball, 78D, EV 88.8 MPH)
Runner from 3rd tags up, SCORES, throw by CF
Batting: RHB Fytor Valena 0-0: Called Strike
0-1: Called Strike
0-2: Foul Ball, location: 2F
0-2: Ball
1-2: Ground out 5-3 (Groundball, 56, EV 106.3 MPH)
Top of the 4th over - 1 run, 1 hit, 0 errors, 0 left on base; Cedar Rapids 1 - South Bend 1
BOTTOM OF THE 4TH
South Bend Cubs batting - Pitching for Cedar Rapids Kernels : LHP Luis Silva
Batting: RHB Clint Rice 0-0: Ball
1-0: SINGLE (Line Drive, 4MD, EV 96.3 MPH)
Batting: RHB Derek Miller 0-0: Fly out, F9 (Flyball, 9, EV 88.1 MPH)
Batting: LHB Shawn Schmitt 0-0: Ball
1-0: Ball
Wild Pitch!
Clint Rice to second
2-0: Ball
3-0: Called Strike
3-1: Base on Balls
Batting: RHB Cristián Rivera 0-0: Ball
1-0: Called Strike
1-1: Ball
2-1: Foul Ball, location: 5F
2-2: Foul Ball, location: 2F
2-2: Foul Ball, location: 2F
2-2: Foul Ball, location: 25F
2-2: Ball
3-2: Strikes out swinging
Batting: RHB Juan Rivera 0-0: Ball
1-0: Ball
2-0: Fielders Choice at 2nd, 6-4 (Groundball, 6, EV 75.0 MPH)
Bottom of the 4th over - 0 runs, 1 hit, 0 errors, 2 left on base; Cedar Rapids 1 - South Bend 1
TOP OF THE 5TH
Cedar Rapids Kernels batting - Pitching for South Bend Cubs : LHP José Calderón
Batting: RHB Luis Antonio Cardenas 0-0: Ball
1-0: Foul Ball, location: 5F
1-1: Ball
2-1: Ground out 5-3 (Groundball, 56, EV 103.1 MPH)
Batting: RHB Jim Unknown 0-0: Ball
1-0: Fly out, F9 (Flyball, 9S, EV 81.3 MPH)
Batting: RHB Luis Sadoval 0-0: Foul Ball, location: 2F
0-1: Bunt missed!
0-2: Ball
1-2: Ball
2-2: Strikes out looking
Top of the 5th over - 0 runs, 0 hits, 0 errors, 0 left on base; Cedar Rapids 1 - South Bend 1
BOTTOM OF THE 5TH
South Bend Cubs batting - Pitching for Cedar Rapids Kernels : LHP Luis Silva
Batting: RHB Luis Trevino 0-0: TRIPLE (Flyball, 89XD, EV 107.5 MPH)
Batting: RHB Kevin Palmer 0-0: Foul Ball, location: 7LSF
0-1: Ball
1-1: Ground out 6-3 (Groundball, 6, EV 91.3 MPH)
Batting: RHB Ed Kirby 0-0: Ball
1-0: Swinging Strike
1-1: Foul Ball, location: 2F
1-2: Strikes out swinging
Batting: SHB Eric Logan 0-0: Ball
1-0: Ball
2-0: Foul Ball, location: 9LDF
2-1: Ball
3-1: Foul Ball, location: 9LMF
3-2: Base on Balls
Batting: RHB Clint Rice 0-0: Ball
Eric Logan steals 2nd base
1-0: Called Strike
1-1: Foul Ball, location: 2F
1-2: Foul Ball, location: 25F
1-2: Ground out 6-3 (Groundball, 6, EV 86.9 MPH)
Bottom of the 5th over - 0 runs, 1 hit, 0 errors, 2 left on base; Cedar Rapids 1 - South Bend 1
TOP OF THE 6TH
Cedar Rapids Kernels batting - Pitching for South Bend Cubs : LHP José Calderón
Batting: RHB Héctor Vázquez 0-0: Ball
1-0: Ball
2-0: SINGLE (Groundball, 34D, EV 95.6 MPH)
Batting: SHB José Guzmán 0-0: Grounds into double play, 5-4-3 (Groundball, 5, EV 91.3 MPH)
Batting: LHB Bernardo Contreras 0-0: Called Strike
0-1: DOUBLE (Flyball, 8RXD, EV 104.4 MPH)
Batting: SHB Juan López 0-0: Ball
1-0: Called Strike
1-1: Foul Ball, location: 7LSF
1-2: Foul Ball, location: 9LSF
1-2: Ball
2-2: Strikes out looking
Top of the 6th over - 0 runs, 2 hits, 0 errors, 1 left on base; Cedar Rapids 1 - South Bend 1
BOTTOM OF THE 6TH
South Bend Cubs batting - Pitching for Cedar Rapids Kernels : LHP Luis Silva
Pitching: RHP Bobby Johnson
Batting: RHB Derek Miller 0-0: Called Strike
0-1: Called Strike
0-2: Strikes out looking
Batting: LHB Shawn Schmitt 0-0: Swinging Strike
0-1: Foul Ball, location: 3SF
0-2: Strikes out looking
Batting: RHB Cristián Rivera 0-0: Ball
1-0: Ball
2-0: Ball
3-0: Base on Balls
Batting: RHB Juan Rivera 0-0: Ball
1-0: DOUBLE (Line Drive, 5D, EV 95.6 MPH)
Cristián Rivera to third
Batting: RHB Luis Trevino 0-0: Foul Ball, location: 9LMF
0-1: Swinging Strike
0-2: Ball
1-2: Strikes out looking
Bottom of the 6th over - 0 runs, 1 hit, 0 errors, 2 left on base; Cedar Rapids 1 - South Bend 1
TOP OF THE 7TH
Cedar Rapids Kernels batting - Pitching for South Bend Cubs : LHP José Calderón
Batting: SHB Juan Gallegos 0-0: Foul Ball, location: 9LMF
0-1: Ball
1-1: Foul Ball, location: 2F
1-2: Ball
2-2: Ball
3-2: Foul Ball, location: 7LDF
3-2: Foul Ball, location: 3FF
3-2: Fly out, F9 (Flyball, 9, EV 90.0 MPH)
Pitching: RHP Jeremy Carpenter
Batting: RHB Fytor Valena 0-0: Ball
1-0: Swinging Strike
1-1: Foul Ball, location: 9LMFF
1-2: Strikes out looking
Batting: RHB Luis Antonio Cardenas 0-0: Foul Ball, location: 9LSF
0-1: Called Strike
0-2: Ball
1-2: Strikes out swinging
Top of the 7th over - 0 runs, 0 hits, 0 errors, 0 left on base; Cedar Rapids 1 - South Bend 1
BOTTOM OF THE 7TH
South Bend Cubs batting - Pitching for Cedar Rapids Kernels : RHP Bobby Johnson
Batting: RHB Kevin Palmer 0-0: SINGLE (Line Drive, 7S, EV 98.8 MPH)
Batting: RHB Ed Kirby 0-0: DOUBLE (Flyball, 89XD, EV 109.4 MPH)
Kevin Palmer to third
Batting: SHB Eric Logan 0-0: Intentional Walk
Batting: RHB Clint Rice 0-0: Ball
1-0: Foul Ball, location: 9LSF
1-1: Ball
2-1: Foul Ball, location: 2F
2-2: Foul Ball, location: 3SF
2-2: Strikes out swinging
Pinch Hitting: SHB Victor Turner 0-0: Swinging Strike
0-1: Grounds into fielders choice 4-2 (Groundball, 4, EV 89.4 MPH)
Ed Kirby to third
Eric Logan to second
Pinch Hitting: RHB José Yepe 0-0: Foul Ball, location: 5FF
0-1: Ball
1-1: Ball
2-1: Swinging Strike
2-2: Ball
3-2: Strikes out swinging
Bottom of the 7th over - 0 runs, 2 hits, 0 errors, 3 left on base; Cedar Rapids 1 - South Bend 1
TOP OF THE 8TH
Cedar Rapids Kernels batting - Pitching for South Bend Cubs : RHP Jeremy Carpenter
Now at 1B: Edgar Rodríguez
Now in LF: Victor Turner
Batting: RHB Jim Unknown 0-0: Foul Ball, location: 2F
0-1: Called Strike
0-2: Ball
1-2: Ball
2-2: Foul Ball, location: 9LSF
2-2: Strikes out swinging wild pitch, reaches first!
Batting: RHB Luis Sadoval 0-0: Sac Bunt to 25 - play at first, batter OUT! 5-4
Jim Unknown to second
Batting: RHB Héctor Vázquez 0-0: Ball
1-0: Swinging Strike
1-1: Fly out, F8 (Line Drive, 8RS, EV 106.9 MPH)
Batting: SHB José Guzmán 0-0: Ball
1-0: Ball
2-0: Ball
3-0: Foul Ball, location: 7LSF
3-1: Base on Balls
Batting: LHB Bernardo Contreras 0-0: Called Strike
0-1: Ball
1-1: Ball
2-1: Called Strike
2-2: Ground out U3 (Groundball, 34, EV 86.9 MPH)
Top of the 8th over - 0 runs, 0 hits, 0 errors, 2 left on base; Cedar Rapids 1 - South Bend 1
BOTTOM OF THE 8TH
South Bend Cubs batting - Pitching for Cedar Rapids Kernels : RHP Bobby Johnson
Pitching: RHP José Gallegos
Pinch Hitting: RHB Jerry Peters 0-0: SINGLE (Line Drive, 9S, EV 103.1 MPH)
Batting: RHB Juan Rivera 0-0: Foul Ball, location: 3SF
0-1: Bunted foul
0-2: Fly out, F9 (Flyball, 9, EV 84.4 MPH)
Batting: RHB Luis Trevino 0-0: Ball
Jerry Peters is caught stealing 2nd base 2-4
1-0: Fly out, F7 (Flyball, 7S, EV 82.5 MPH)
Bottom of the 8th over - 0 runs, 1 hit, 0 errors, 0 left on base; Cedar Rapids 1 - South Bend 1
TOP OF THE 9TH
Cedar Rapids Kernels batting - Pitching for South Bend Cubs : RHP Jeremy Carpenter
Now at C: Nelson Ayala
Batting: SHB Juan López 0-0: Ball
1-0: Called Strike
1-1: Foul Ball, location: 7LMF
1-2: Strikes out looking
Batting: SHB Juan Gallegos 0-0: Fly out, F3 (Popup, 3SF, EV 76.9 MPH)
Batting: RHB Fytor Valena 0-0: Ball
1-0: Ball
2-0: Ball
3-0: Called Strike
3-1: Swinging Strike
3-2: Fly out, F9 (Line Drive, 9S, EV 90.0 MPH)
Top of the 9th over - 0 runs, 0 hits, 0 errors, 0 left on base; Cedar Rapids 1 - South Bend 1
BOTTOM OF THE 9TH
South Bend Cubs batting - Pitching for Cedar Rapids Kernels : RHP José Gallegos
Pitching: RHP Darryl Coleman
Batting: RHB Kevin Palmer 0-0: Ball
1-0: Ball
2-0: DOUBLE (Groundball, 5L, EV 109.4 MPH)
Batting: RHB Ed Kirby 0-0: Intentional Walk
Batting: SHB Eric Logan 0-0: Ball
1-0: SINGLE (Line Drive, 89S, EV 106.3 MPH)
Kevin Palmer to third
Ed Kirby to second
Batting: RHB Clint Rice 0-0: SINGLE (Groundball, 4M, EV 91.3 MPH)
Kevin Palmer scores
Bottom of the 9th over - 1 run, 3 hits, 0 errors, 2 left on base; Cedar Rapids 1 - South Bend 2
Friday, May 3rd , 2024 - OOTP Baseball 24.10 Build 82